 Dungeon Crawl Stone Soup version 0.20-a0-772-g73021bd (webtiles) character file.

126 polly the Cudgeler (level 4, 0/37 HPs)
             Began as a Draconian Gladiator on Feb 26, 2017.
             Killed by divine providence
             ... invoked by an orc priest
              (11 damage)
             ... on level 3 of the Dungeon.
             The game lasted 00:01:53 (2205 turns).

polly the Cudgeler (Draconian Gladiator)            Turns: 2205, Time: 00:01:54

Health: 0/37       AC:  6    Str: 16    XL:     4   Next: 83%
Magic:  4/4        EV: 13    Int:  9    God:
Gold:   135        SH:  0    Dex: 13    Spells: 3/3 levels left

rFire    . . .     SeeInvis .   a - +0 flail
rCold    . . .     Gourm    .   (armour unavailable)
rNeg     . . .     Faith    .   (no shield)
rPois    .         Spirit   .   b - +0 hat
rElec    .         Reflect  .   (no cloak)
rCorr    .         Harm     .   j - +0 pair of gloves (curse)
MR       .....                  (no boots)
Stlth    ++........             (no amulet)
Regen    0.2/turn               (no ring)
MPRegen  0.1/turn               (no ring)

@: no status effects
A: unfitting armour, cold-blooded, AC +5
a: no special abilities


You were on level 3 of the Dungeon.
You were not hungry.

You visited 1 branch of the dungeon, and saw 3 of its levels.

You collected 135 gold pieces.

Inventory:

Hand Weapons
 a - a +0 flail (weapon)
Missiles
 c - 2 throwing nets (quivered)
Armour
 b - a +0 hat (worn)
 j - a cursed +0 pair of gloves (worn)
Jewellery
 t - an uncursed amulet of guardian spirit {unknown}
Wands
 s - a wand of acid (7/15)
Scrolls
 e - 3 scrolls of fog {unknown}
 h - 3 scrolls of magic mapping {unknown}
 l - 2 scrolls of random uselessness {unknown}
 m - a scroll of teleportation {unknown}
 n - a scroll of identify {unknown}
 o - a scroll of immolation {unknown}
 r - 2 scrolls of blinking {unknown}
Potions
 f - a potion of curing {unknown}
 i - 2 potions of berserk rage {unknown}
 p - a potion of heal wounds {unknown}
 q - a potion of lignification {unknown}
Comestibles
 d - 3 bread rations
 g - 2 royal jellies
 k - 2 meat rations


   Skills:
 + Level 2.9 Fighting
 + Level 4.2 Maces & Flails
 + Level 1.9 Throwing
 + Level 3.5 Dodging
 + Level 1.3 Stealth


You had 3 spell levels left.
You didn't know any spells.

Dungeon Overview and Level Annotations

Branches:
Dungeon (3/15)

Altars:
Fedhas
Gozag
Wu Jian
The Shining One


Innate Abilities, Weirdness & Mutations

Your plain brown scales are hard. (AC +5)
You cannot fit into any form of body armour.
You are cold-blooded and may be slowed by cold attacks.


Message History

The orc hits you with a war axe!
You hit the orc.
Your tail-slap misses the orc.
The orc is lightly wounded.
The orc barely misses you. The orc hits you but does no damage.
The orc barely misses you.
You closely miss the orc.
You tail-slap the orc, but do no damage.
The orc is lightly wounded.
The orc hits you but does no damage. The orc closely misses you.
The orc misses you. The orc hits you but does no damage.
You hit the orc.
You kill the orc!
The orc priest mumbles some strange prayers to Beogh against you.
Beogh smites you!
* * * LOW HITPOINT WARNING * * *
The orc closely misses you. The orc barely misses you.
The orc closely misses you.
The orc priest invokes the aid of Beogh against you.
Beogh smites you!
You die...

.......................>#
.##........#########.####
.##).......# #.#
.##........# #######.#
############ #.....#.#
#.....#.# #.....#.#
####.o...#.# #....)@....#
#.##.ooo.### .........#
####.....# #######


You could see an orc priest and 3 orcs.

Vanquished Creatures
  An orc wizard (D:3)
  3 adders (D:2)
  An ooze (D:2)
  An adder zombie (D:1)
  2 worms (D:2)
  A dart slug (D:3)
  2 orcs (D:3)
  A bat zombie (D:1)
  3 giant cockroaches
  4 goblins
  8 hobgoblins
  2 jackals (D:2)
  2 quokkas (D:2)
  2 ball pythons
  8 bats
  5 frilled lizards (D:1)
  5 kobolds
  A leopard gecko skeleton (D:3)
52 creatures vanquished.

Notes
Turn   | Place    | Note
-------+----------+-------------------------------------------
     0 | D:1      | polly the Draconian Gladiator began the quest for the Orb.
     0 | D:1      | Reached XP level 1. HP: 17/17 MP: 1/1
   207 | D:1      | Reached XP level 2. HP: 25/25 MP: 2/2
   987 | D:2      | Reached XP level 3. HP: 17/30 MP: 3/3
  1382 | D:2      | You fall through a shaft!
  1470 | D:2      | Found an opulent altar of Gozag.
  1743 | D:2      | Reached XP level 4. HP: 31/37 MP: 4/4
  1748 | D:2      | Reached skill level 1 in Stealth
  1773 | D:2      | Found a glowing golden altar of the Shining One.
  1785 | D:2      | Reached skill level 4 in Maces & Flails
  2143 | D:3      | Found an ornate altar of the Wu Jian Council.
  2143 | D:3      | Found a blossoming altar of Fedhas.
  2205 | D:3      | Killed from afar by an orc priest

Vault maps used:
D:1:      saegor_arrival_fortress, minmay_misc_feat_nine_boxes
D:2:      nicolae_gozag_cash_rules_everything_around_me, tso_altar
D:3:      gammafunk_temple_overflow_statue, feat_on_display

Skill      XL: |  1  2  3  4 |
---------------+-------------+-----
Dodging        | 3 |  3.5
Stealth        | 1 |  1.3
Maces & Flails | 4 |  4.2
Fighting       | |  2.9
Throwing       | |  1.9

Action                   |  1- 3 |  4- 6 || total
-------------------------+-------+-------++-------
Melee: Flail             |   110 |    56 ||   166
       Tailslap          |    12 |     4 ||    16
Throw: Throwing net      |     1 |       ||     1
 Stab: Held in net/web   |     1 |       ||     1
       Sleeping          |     3 |     1 ||     4
  Eat: Chunk             |     2 |     2 ||     4
Armor: Skin              |    52 |    23 ||    75
Dodge: Dodged            |   118 |    47 ||   165
